 Dungeon Crawl Stone Soup version 0.31.0-9-g3a7656b989 (webtiles) character file.

Game seed: 17529396838443853067

3282 qw the Nimble (level 9, -2/44 HPs)
             Began as a Spriggan Hunter on Feb 2, 2024.
             Was a Priest of Okawaru.
             Slain by an orc
             ... wielding a +0 club
              (3 damage)
             ... on level 8 of the Dungeon.
             The game lasted 00:00:26 (5386 turns).

qw the Nimble (Spriggan Hunter)                     Turns: 5386, Time: 00:00:26

Health: -2/44      AC:  3    Str:  9    XL:     9   Next: 69%
Magic:  13/13      EV: 32    Int: 10    God:    Okawaru [***...]
Gold:   269        SH:  5    Dex: 29    Spells: 8/8 levels left

rFire   . . .        a - +1 shortbow (elec)
rCold   . . .        (shield currently unavailable)
rNeg    + . .        c - +0 robe
rPois   .            (helmet restricted)
rElec   .            i - +0 cloak
rCorr   .            (gloves unavailable)
SInv    +            (boots unavailable)
Will    +....        m - amulet of reflection
Stlth   +++          g - ring of positive energy
HPRegen 0.27/turn    j - ring of Didgh {Str+2 Dex+6}
MPRegen 0.13/turn

%: reflection
@: about to teleport, very quick
A: very small, no large weapons, unfitting armour, see invisible, speed 3
a: Renounce Religion, Heroism


You were on level 8 of the Dungeon.
You worshipped Okawaru.
Okawaru was most pleased with you.
You visited 2 branches of the dungeon, and saw 9 of its levels.

You collected 394 gold pieces.
You spent 125 gold pieces at shops.


Innate Abilities, Weirdness & Mutations

You are very small and have problems with some larger weapons.
You are too small for most types of armour.
You have supernaturally acute eyesight. (SInv)
You cover ground extremely quickly. (Speed+++)


   Skills:
 - Level 3.1 Fighting
 - Level 10.0 Ranged Weapons
 + Level 11.7 Dodging
 - Level 1.5 Stealth
 - Level 4.1 Invocations


You had 8 spell levels left.
You didn't know any spells.
Your spell library was empty.

Inventory:

Hand Weapons
 a - a +1 shortbow of electrocution (weapon)
Armour
 c - a +0 robe (worn)
 i - a +0 cloak (worn)
Jewellery
 f - a ring of ice
 g - a ring of positive energy (left hand)
 j - the ring of Didgh (right hand) {Str+2 Dex+6}
   (You found it on level 3 of the Dungeon)

   [ring of dexterity]

   Str+2:     It affects your strength (+2).
   Dex+6:     It affects your dexterity (+6).
 m - an amulet of reflection (around neck)
Wands
 b - a wand of polymorph (10)
 e - a wand of paralysis (15)
 o - a wand of iceblast (19)
Scrolls
 n - 4 scrolls of teleportation
Potions
 d - a potion of heal wounds
 h - 3 potions of curing
 k - a potion of might {unknown}
 l - a potion of enlightenment
 p - 2 potions of mutation

Dungeon Overview and Level Annotations

Branches:
Dungeon (8/15)             Temple (1/1) D:4
   Lair: D:8-11

Altars:
Ashenzari
Cheibriados
Dithmenos
Elyvilon
Fedhas
Gozag
Hepliaklqana
Kikubaaqudgha
Makhleb
Nemelex Xobeh
Okawaru
Qazlal
Ru
Sif Muna
Trog
Uskayaw
Vehumet
Wu Jian
Xom
Yredelemnul
Zin
The Shining One

Shops:
D:4 [


Message History

You shoot an arrow. The arrow hits the orc warrior.
The orc warrior is lightly wounded.
You shoot an arrow.
The arrow barely misses the orc warrior.
An orc comes into view. It is wielding a +0 mace.
You block the orc warrior's attack.
You shoot an arrow.
The arrow barely misses the orc warrior.
You shoot an arrow.
The arrow hits the orc warrior but does no damage.
The orc warrior is lightly wounded.
You block the orc warrior's attack.
You shoot an arrow. The arrow hits the orc warrior.
Lightning courses through the orc warrior!
The orc warrior is severely wounded.
The orc priest calls upon Beogh to heal the orc warrior.
The orc warrior is healed somewhat.
The orc warrior completely misses you.
You shoot an arrow.
The arrow hits the orc warrior but does no damage.
Lightning courses through the orc warrior!
You kill the orc warrior!
Okawaru accepts your kill.
The orc priest calls down the wrath of Beogh upon you.
Beogh smites you!
You shoot an arrow.
The arrow hits the orc priest but does no damage.
You shoot an arrow. The arrow hits the orc priest.
The orc priest is moderately wounded.
The orc priest closely misses you.
You shoot an arrow. The arrow hits the orc priest.
The orc priest is severely wounded.
The orc priest invokes the aid of Beogh against you.
Beogh smites you!
The orc priest looks satisfied for a moment.
5386 ||| READING 5 scrolls of teleportation.
As you read the scroll of teleportation, it crumbles to dust.
You feel strangely unstable.
The orc priest calls down the wrath of Beogh upon you.
Beogh smites you! The orc hits you with a +0 club.
You die...

#..#
####..########
#............#
#.##..######<#
#.##..# #.##..#
##.####.##..###
.........#....#
.......@...##.
#...#..oo### .
.........oo
##.##..###.[. #
... .#..# ....
# .. ..... .
.###..


You could see 2 orc priests and 2 orcs.

Vanquished Creatures
  Sigmund (D:4)
  Eustachio (D:4)
  3 water moccasins
  An orc warrior (D:8)
  A sky beast (D:7)
  2 black bears
  2 ice beasts (D:7)
  An ogre (D:3)
  4 centaurs
  A phantom (D:4)
  A bullfrog (D:6)
  4 scorpions
  14 killer bees
  3 howler monkeys
  A bombardier beetle (D:5)
  3 hounds
  3 jellies
  2 gnoll boudas
  A sleepcap (D:6)
  2 iguanas
  An orc wizard (D:6)
  Robin (D:4)
  7 gnolls
  6 adders
  2 ufetubi (D:7)
  3 dart slugs
  5 ribbon worms
  8 orcs
  6 ball pythons
  8 endoplasms
  4 giant cockroaches
  16 goblins
  7 hobgoblins
  6 quokkas
  6 bats
  5 frilled lizards
  4 kobolds
  4 rats
150 creatures vanquished.

Vanquished Creatures (others)
  An orc (D:4)
1 creature vanquished.

Grand Total: 151 creatures vanquished

Notes
Turn   | Place    | Note
-------+----------+-------------------------------------------
     0 | D:1      | qw the Spriggan Hunter began the quest for the Orb.
     0 | D:1      | Reached XP level 1. HP: 10/10 MP: 2/2
     0 | D:1      | 0 ||| qw: Version: 0.3-a-155-g5e7d8dd
     0 | D:1      | 0 ||| qw: Game counter: 514
     0 | D:1      | 0 ||| qw: Melee chars always use a shield: true
     0 | D:1      | 0 ||| qw: God list: Okawaru
     0 | D:1      | 0 ||| qw: Allow faded altars: false
     0 | D:1      | 0 ||| qw: Do Orc after clearing Dungeon:15 true
     0 | D:1      | 0 ||| qw: Do second Lair branch before Depths: true
     0 | D:1      | 0 ||| qw: Lair rune preference: random
     0 | D:1      | 0 ||| qw: Goals: Normal
     0 | D:1      | 0 ||| PLANNING D:1-11
    36 | D:1      | Reached skill level 3 in Dodging
   148 | D:1      | Reached skill level 4 in Dodging
   148 | D:1      | Reached XP level 2. HP: 14/14 MP: 3/3
   320 | D:1      | Reached XP level 3. HP: 18/18 MP: 4/4
  1028 | D:1      | 1028 ||| UPGRADING to ring of positive energy.
  1029 | D:1      | 1029 ||| READING scroll labelled TEXTOA IXZAO.
  1029 | D:1      | 1029 ||| IDENTIFYING bubbling clear potion
  1030 | D:1      | 1030 ||| READING scroll labelled MAPIKI RUNOROH.
  1131 | D:1      | 1131 ||| DROPPING scroll of butterflies.
  1132 | D:1      | 1132 ||| DROPPING potion of lignification.
  1497 | D:2      | 1497 ||| READING scroll of identify.
  1497 | D:2      | 1497 ||| IDENTIFYING cyan potion
  1498 | D:2      | 1498 ||| READING scroll labelled NERPHO GYICKAIPT.
  1498 | D:2      | 1498 ||| BRANDING +0 shortbow.
  1499 | D:2      | 1499 ||| DRINKING 2 fuming purple potions.
  1536 | D:3      | Found a white marble altar of Elyvilon.
  1737 | D:3      | Identified the ring of Didgh {Str+2 Dex+6}
  1873 | D:3      | Reached XP level 4. HP: 9/22 MP: 5/5
  1962 | D:3      | 1962 ||| READING scroll of brand weapon.
  1962 | D:3      | 1962 ||| BRANDING +0 shortbow of flaming.
  2272 | D:3      | 2272 ||| UPGRADING to amulet of reflection.
  2277 | D:3      | 2277 ||| UPGRADING to ring of Didgh {Str+2 Dex+6}.
  2278 | D:3      | 2278 ||| READING 2 scrolls of identify.
  2278 | D:3      | 2278 ||| IDENTIFYING orange potion
  2279 | D:3      | 2279 ||| READING scroll of identify.
  2279 | D:3      | 2279 ||| IDENTIFYING fuming sapphire potion
  2280 | D:3      | 2280 ||| READING scroll labelled AZAEPO HEUZIFA.
  2281 | D:3      | 2281 ||| READING scroll labelled RAJOPL UWKAG.
  2282 | D:3      | 2282 ||| READING scroll labelled GOBECASOGG.
  2287 | D:3      | 2287 ||| DROPPING potion of attraction.
  2308 | D:4      | Noticed an ogre
  2309 | D:4      | 2309 ||| STAIRDANCE
  2313 | D:4      | 2313 ||| DRINKING 2 potions of haste.
  2314 | D:4      | 2314 ||| STAIRDANCE
  2314 | D:4      | Noticed a scorpion
  2324 | D:3      | Killed an ogre
  2325 | D:3      | Reached skill level 6 in Dodging
  2325 | D:3      | Reached XP level 5. HP: 25/25 MP: 6/6
  2327 | D:4      | 2327 ||| STAIRDANCE
  2348 | D:4      | Noticed Robin
  2359 | D:4      | 2359 ||| STAIRDANCE
  2373 | D:4      | 2373 ||| STAIRDANCE
  2380 | D:4      | Killed Robin
  2381 | D:4      | Reached XP level 6. HP: 32/32 MP: 7/7
  2384 | D:4      | 2384 ||| STAIRDANCE
  2392 | D:4      | Found a staircase to the Ecumenical Temple.
  2393 | D:4      | 2393 ||| PLANNING TEMPLE
  2401 | Temple   | Entered the Ecumenical Temple
  2402 | Temple   | 2402 ||| PLANNING OKAWARU WORSHIP
  2409 | Temple   | Became a worshipper of Warmaster Okawaru
  2410 | Temple   | 2410 ||| PLANNING D:1-11
  2454 | D:4      | Found Vorr's Antique Armour Emporium.
  2462 | D:4      | 2462 ||| BUYING heavily runed robe (125 gold).
  2462 | D:4      | Bought a heavily runed robe for 125 gold pieces
  2462 | D:4      | Identified the +0 robe "Amyt" {Int+4 Stlth+} (You bought it
                  | in a shop on level 4 of the Dungeon)
  2544 | D:4      | Noticed Eustachio
  2545 | D:4      | 2545 ||| DRINKING potion of haste.
  2558 | D:4      | Killed Eustachio
  2558 | D:4      | Reached * piety under Okawaru
  2559 | D:4      | Reached skill level 6 in Ranged Weapons
  2564 | D:4      | Reached skill level 1 in Invocations
  2564 | D:4      | Reached XP level 7. HP: 31/35 MP: 8/8
  2788 | D:4      | Noticed Sigmund
  2789 | D:4      | 2789 ||| INVOKING Heroism.
  2793 | D:4      | Killed Sigmund
  2794 | D:4      | Reached skill level 7 in Dodging
  2939 | D:4      | Found a stormy altar of Qazlal.
  2969 | D:4      | 2969 ||| DROPPING +0 robe "Amyt" {Int+4 Stlth+}.
  2970 | D:4      | 2970 ||| UPGRADING to +0 cloak.
  2986 | D:5      | Entered Level 5 of the Dungeon
  3016 | D:5      | Reached skill level 3 in Invocations
  3091 | D:5      | Found a basalt altar of Yredelemnul.
  3091 | D:5      | Found a shimmering blue altar of Sif Muna.
  3092 | D:5      | Found a shimmering altar of Xom.
  3179 | D:5      | Reached skill level 8 in Dodging
  3191 | D:5      | Reached XP level 8. HP: 26/39 MP: 11/11
  3589 | D:5      | 3589 ||| READING scroll of identify.
  3589 | D:5      | 3589 ||| IDENTIFYING fizzy emerald potion
  3639 | D:6      | Reached skill level 9 in Dodging
  3680 | D:6      | Reached ** piety under Okawaru
  3748 | D:6      | Reached skill level 3 in Fighting
  4008 | D:6      | Reached skill level 9 in Ranged Weapons
  4072 | D:6      | 4072 ||| READING 2 scrolls of identify.
  4072 | D:6      | 4072 ||| IDENTIFYING 2 ruby potions
  4073 | D:6      | 4073 ||| READING scroll of identify.
  4073 | D:6      | 4073 ||| IDENTIFYING scroll labelled WINEEK WUR YGG
  4074 | D:6      | 4074 ||| READING scroll of enchant weapon.
  4074 | D:6      | 4074 ||| ENCHANTING +0 shortbow of electrocution.
  4075 | D:6      | 4075 ||| READING scroll labelled GAEPPO ONETRIR.
  4208 | D:7      | Reached XP level 9. HP: 44/44 MP: 13/13
  4369 | D:7      | Reached skill level 10 in Dodging
  4389 | D:7      | Reached *** piety under Okawaru
  4471 | D:7      | Found a burning altar of Makhleb.
  4528 | D:7      | Reached skill level 11 in Dodging
  4718 | D:7      | 4718 ||| RETREEEEATING.
  4720 | D:7      | 4720 ||| RETREEEEATING.
  5112 | D:7      | 5112 ||| READING scroll labelled KOHOEZ SERU.
  5178 | D:7      | 5178 ||| READING scroll labelled WOMIXY MAROEPP.
  5385 | D:8      | HP: 11/44 [orc priest/divine providence (12)]
  5386 | D:8      | 5386 ||| READING 5 scrolls of teleportation.
  5386 | D:8      | HP: 1/44 [orc priest/divine providence (10)]
  5386 | D:8      | Slain by an orc

Levels and vault maps discovered:
D:1:      sevenhm_arrival_forest_fort_small_6, layout_basic
D:2:      layout_rooms, minmay_misc_feat_tower
D:3:      layout_basic, mainiacjoe_overflow_tiny_flanked,
          guppyfry_early_orc_mine
D:4:      layout_rooms, marbit_many_paths, minmay_temple_entry_junction_2,
          serial_shops, shop, minmay_manual_mullet, uniq_sigmund, uniq_robin,
          uniq_eustachio
D:5:      layout_gridville, chequers_temple_overflow_statue_of_worship,
          minmay_misc_feat_alley, grunt_ministairs_13
D:6:      lemuel_ice_spiral_2, layout_basic
D:7:      layout_basic, mainiacjoe_overflow_alcove_1
D:8:      layout_loops_ring
Temple:   compressed_dpeg_triangle_lava_temple

Skill      XL: |  1  2  3  4  5  6  7  8  9 |
---------------+----------------------------+-----
Dodging        | 4 6 8 9 11 | 11.7
Ranged Weapons | 5 6 9 10 | 10.0
Fighting       | 2 3 |  3.1
Invocations    | 1 3 4 |  4.1
Stealth        | |  1.5

Action                     |  1- 3 |  4- 6 |  7- 9 || total
---------------------------+-------+-------+-------++-------
   Fire: Shortbow          |   128 |    96 |   284 ||   508
 Invoke: Heroism           |       |       |     1 ||     1
    Use: Scroll            |     4 |     6 |     8 ||    18
         Potion            |     1 |     2 |       ||     3
 Armour: Robe              |    14 |     5 |    28 ||    47
  Dodge: Dodged            |    42 |    35 |   154 ||   231
  Block: Other             |       |     4 |    38 ||    42
         Reflection        |       |       |     2 ||     2

Table legend:
 A = Non-vault XP
 B = Vault XP
 C = Vault XP percentage of total XP
 D = Non-vault monster count
 E = Vault monster count
 F = Vault count percentage of total count
                 A         B        C        D         E       F
            +---------+---------+-------+---------+---------+-------
      Total |    4023 |     666 |  14.2 |     119 |      32 |  21.2
            +---------+---------+-------+---------+---------+-------
        D:1 |      60 |       0 |   0.0 |      27 |       0 |   0.0
        D:2 |      21 |       0 |   0.0 |       9 |       0 |   0.0
        D:3 |     170 |      19 |  10.1 |      14 |       8 |  36.4
        D:4 |     335 |     529 |  61.2 |      14 |      19 |  57.6
        D:5 |     521 |     118 |  18.5 |       9 |       5 |  35.7
        D:6 |     998 |       0 |   0.0 |      17 |       0 |   0.0
        D:7 |    1368 |       0 |   0.0 |      20 |       0 |   0.0
        D:8 |     550 |       0 |   0.0 |       9 |       0 |   0.0
            +---------+---------+-------+---------+---------+-------
